[Event "FICS rated blitz game"]
[Site "FICS freechess.org"]
[FICSGamesDBGameNo "20002818"]
[White "poup"]
[Black "jrgv"]
[WhiteElo "1208"]
[BlackElo "1272"]
[WhiteRD "na"]
[BlackRD "na"]
[TimeControl "300+12"]
[Date "1999.10.19"]
[Time "17:55:00"]
[WhiteClock "0:05:00.000"]
[BlackClock "0:05:00.000"]
[ECO "D37"]
[PlyCount "62"]
[Result "0-1"]

1. d4 d5 2. c4 Nf6 3. Nc3 e6 4. Nf3 Nc6 5. Bg5 Be7 6. e3 O-O 7. cxd5 exd5 8. Bd3 Nb4 9. Bb1 h6 10. Bh4 Ne4 11. Bxe7 Qxe7 12. Nxe4 dxe4 13. Nd2 Bf5 14. f3 Nd3+ 15. Bxd3 exd3 16. e4 Rad8 17. d5 Rfe8 18. O-O Bd7 19. Re1 Bb5 20. b3 Qc5+ 21. Kh1 Qc2 22. Rc1 Qxd1 23. Rexd1 c6 24. Nc4 cxd5 25. Na3 Ba6 26. exd5 Rxd5 27. Nc4 Bxc4 28. Rxc4 d2 29. Re4 Rc8 30. Re2 Rc1 31. Kg1 Rxd1+ {White resigns} 0-1

[Event "FICS rated blitz game"]
[Site "FICS freechess.org"]
[FICSGamesDBGameNo "20002817"]
[White "Piraat"]
[Black "SchrodingersCat"]
[WhiteElo "1593"]
[BlackElo "1600"]
[WhiteRD "na"]
[BlackRD "na"]
[TimeControl "180+15"]
[Date "1999.10.19"]
[Time "17:43:00"]
[WhiteClock "0:03:00.000"]
[BlackClock "0:03:00.000"]
[ECO "B07"]
[PlyCount "135"]
[Result "1-0"]

1. e4 d6 2. d4 Nf6 3. Nc3 g6 4. Nge2 Bg7 5. g3 O-O 6. Bg2 Nc6 7. O-O e5 8. dxe5 Nxe5 9. Be3 Be6 10. f4 Nc6 11. e5 dxe5 12. fxe5 Nxe5 13. Qxd8 Raxd8 14. Bxb7 Nc4 15. Bd4 Rb8 16. Bxf6 Rxb7 17. Bxg7 Kxg7 18. b3 Nd2 19. Rfd1 Rd8 20. Ne4 Nf3+ 21. Kg2 Rxd1 22. Rxd1 Ne5 23. Nf4 Bf5 24. Nc5 Bxc2 25. Rd2 Rb5 26. Rxc2 Ng4 27. Kf3 Ne5+ 28. Ke4 f6 29. Nce6+ Kf7 30. Rxc7+ Ke8 31. Rxh7 Ra5 32. Rh8+ Kd7 33. Rd8+ Kc6 34. Nd4+ Kc5 35. Nfe6+ Kb4 36. Rb8+ Ka3 37. b4 Ra4 38. Nc5 Rxb4 39. Rxb4 Kxb4 40. Nd3+ Ka3 41. Nxe5 fxe5 42. Kxe5 Kxa2 43. Kd5 Kb2 44. g4 Kc3 45. g5 Kd3 46. Nf3 Ke3 47. Ne5 Kf4 48. h4 Kg3 49. Nxg6 Kg4 50. Ne5+ Kh5 51. g6 Kh6 52. h5 a5 53. Kc4 a4 54. Kb4 a3 55. Kxa3 Kg7 56. Kb4 Kh6 57. Kc5 Kg7 58. Kd6 Kh8 59. Nf7+ Kg7 60. Ne5 Kh8 61. Ng4 Kg7 62. Ke7 Kh8 63. Kf6 Kg8 64. h6 Kh8 65. Ne5 Kg8 66. Nf7 Kf8 67. h7 Ke8 68. h8=Q+ {Black resigns} 1-0

[Event "FICS rated blitz game"]
[Site "FICS freechess.org"]
[FICSGamesDBGameNo "20002816"]
[White "BoraTunc"]
[Black "marix"]
[WhiteElo "2050"]
[BlackElo "1850"]
[WhiteRD "na"]
[BlackRD "na"]
[TimeControl "180+0"]
[Date "1999.10.19"]
[Time "17:19:00"]
[WhiteClock "0:03:00.000"]
[BlackClock "0:03:00.000"]
[ECO "B50"]
[PlyCount "93"]
[Result "1-0"]

1. e4 c5 2. Nf3 d6 3. c3 Nf6 4. Be2 Bg4 5. O-O e5 6. h3 Bxf3 7. Bxf3 Nc6 8. g3 Be7 9. Bg2 O-O 10. Na3 a6 11. Nc4 b5 12. Ne3 g6 13. d3 Qc7 14. f4 exf4 15. gxf4 Nh5 16. Qf3 Bh4 17. Nd5 Qd8 18. Bd2 Ne7 19. f5 Nxd5 20. exd5 Ng3 21. fxg6 fxg6 22. Qxf8+ Qxf8 23. Rxf8+ Rxf8 24. Kh2 Nf5 25. Be1 Bg5 26. Be4 Bf4+ 27. Kg2 Ne3+ 28. Kg1 Nc2 29. Rd1 Be3+ 30. Kg2 Bg5 31. Bd2 Ne3+ 32. Bxe3 Bxe3 33. Bf3 h5 34. Re1 Bg5 35. Re6 Kf7 36. Rxd6 Re8 37. Rxa6 Bc1 38. Be4 Rg8 39. d6 Ke6 40. d7+ Kxd7 41. b4 cxb4 42. cxb4 Bd2 43. Bc6+ Kc7 44. Bxb5 Bxb4 45. Bc4 g5 46. Bxg8 Kb7 47. Bc4 {Black resigns} 1-0

[Event "FICS rated blitz game"]
[Site "FICS freechess.org"]
[FICSGamesDBGameNo "20002815"]
[White "richhughes"]
[Black "dgilden"]
[WhiteElo "879"]
[BlackElo "1059"]
[WhiteRD "na"]
[BlackRD "na"]
[TimeControl "300+10"]
[Date "1999.10.19"]
[Time "17:02:00"]
[WhiteClock "0:05:00.000"]
[BlackClock "0:05:00.000"]
[ECO "C22"]
[PlyCount "76"]
[Result "0-1"]

1. e4 e5 2. d4 exd4 3. Qxd4 Nc6 4. Qe3 b6 5. e5 Bc5 6. Qe4 Bb7 7. Qg4 g6 8. Bg5 Nge7 9. Bxe7 Qxe7 10. Bb5 Nxe5 11. Qe2 Bxg2 12. Nc3 Bxh1 13. O-O-O Bb7 14. f4 Nc6 15. Qxe7+ Nxe7 16. Bxd7+ Kf8 17. Nb5 Be3+ 18. Kb1 Rd8 19. Nh3 Nd5 20. Rd3 Rxd7 21. Nxa7 Ba6 22. Ra3 Be2 23. b3 Nc3+ 24. Kb2 Bd4 25. Ng5 Nb5+ 26. c3 Bxc3+ 27. Kc2 Rd2+ 28. Kc1 Rd1+ 29. Kc2 Nxa3+ 30. Kxc3 Rd3+ 31. Kb4 Nc2+ 32. Kc4 Rd4+ 33. Kc3 Bd1 34. Nb5 Rxf4 35. Nxc7 Rg4 36. Nge6+ fxe6 37. Nxe6+ Kf7 38. Nc7 Rc8 {White resigns} 0-1

[Event "FICS rated blitz game"]
[Site "FICS freechess.org"]
[FICSGamesDBGameNo "20002814"]
[White "Litlecake"]
[Black "trikmamak"]
[WhiteElo "1800"]
[BlackElo "1948"]
[WhiteRD "na"]
[BlackRD "na"]
[TimeControl "180+0"]
[Date "1999.10.19"]
[Time "17:00:00"]
[WhiteClock "0:03:00.000"]
[BlackClock "0:03:00.000"]
[ECO "A80"]
[PlyCount "63"]
[Result "1-0"]

1. d4 f5 2. Bg5 h6 3. Bh4 g5 4. e3 Bg7 5. Bg3 d6 6. h4 Nf6 7. hxg5 hxg5 8. Rxh8+ Bxh8 9. Bc4 c6 10. Nf3 g4 11. Ng1 b5 12. Bd3 Na6 13. a3 Qa5+ 14. Nd2 c5 15. c3 Bb7 16. b4 cxb4 17. axb4 Qb6 18. Bxf5 Bxg2 19. Bxg4 Nc7 20. Bh5+ Kd8 21. Bf3 Bxf3 22. Qxf3 Rb8 23. Ne2 Ncd5 24. Nb3 Qc7 25. e4 Nb6 26. Na5 Nc4 27. e5 Nxa5 28. exf6 Nb3 29. f7 Kd7 30. Rb1 Qc4 31. f8=Q Rxf8 32. Qxf8 {Black resigns} 1-0

[Event "FICS rated blitz game"]
[Site "FICS freechess.org"]
[FICSGamesDBGameNo "20002813"]
[White "upKid"]
[Black "Vanplayer"]
[WhiteElo "1541"]
[BlackElo "1547"]
[WhiteRD "na"]
[BlackRD "na"]
[TimeControl "300+12"]
[Date "1999.10.19"]
[Time "16:15:00"]
[WhiteClock "0:05:00.000"]
[BlackClock "0:05:00.000"]
[ECO "B05"]
[PlyCount "80"]
[Result "0-1"]

1. e4 Nf6 2. e5 Nd5 3. Nf3 d6 4. d4 Bg4 5. Be2 c6 6. O-O Bxf3 7. Bxf3 dxe5 8. dxe5 Qa5 9. e6 fxe6 10. Re1 Nd7 11. a3 O-O-O 12. b4 Qc7 13. c4 N5f6 14. Qe2 e5 15. Nc3 e6 16. Be3 Bd6 17. h3 e4 18. Bxe4 Be5 19. Bxc6 Bxc3 20. Bf3 e5 21. Bxa7 Bxa1 22. Rxa1 e4 23. Bg4 Nxg4 24. Qxg4 b6 25. c5 Qxa7 26. cxb6 Qxb6 27. Qxe4 Rhe8 28. Rc1+ Kb8 29. Qf4+ Ka8 30. Qf3+ Qb7 31. Qf5 Nf6 32. a4 Rd5 33. Qf3 Qxb4 34. Kh2 Rd8 35. Qg3 Qb8 36. f4 Rd3 37. Qf2 Rd2 38. Qf3+ Qb7 39. Qg3 Ra2 40. Qxg7 Qxg7 {White resigns} 0-1

[Event "FICS rated blitz game"]
[Site "FICS freechess.org"]
[FICSGamesDBGameNo "20002812"]
[White "Blueagle"]
[Black "Meowrus"]
[WhiteElo "1922"]
[BlackElo "1940"]
[WhiteRD "na"]
[BlackRD "na"]
[TimeControl "240+0"]
[Date "1999.10.19"]
[Time "16:02:00"]
[WhiteClock "0:04:00.000"]
[BlackClock "0:04:00.000"]
[ECO "B23"]
[PlyCount "64"]
[Result "1-0"]

1. e4 c5 2. Nc3 d6 3. f4 g6 4. Nf3 Bg4 5. Bc4 Nc6 6. Bxf7+ Kxf7 7. Ng5+ Kg7 8. Qxg4 Nd4 9. O-O Nf6 10. Ne6+ Nxe6 11. Qxe6 Qc8 12. Qxc8 Rxc8 13. d3 e6 14. f5 exf5 15. exf5 Be7 16. Bg5 Rhf8 17. Rae1 Bd8 18. Re6 Ne8 19. Bxd8 Rxd8 20. Re7+ Rf7 21. f6+ Kg8 22. Nd5 a6 23. g4 h6 24. h4 Kf8 25. g5 h5 26. Rfe1 Rb8 27. Rxf7+ Kxf7 28. Re7+ Kf8 29. Rh7 b5 30. Ne7 Rd8 31. Nxg6+ Kg8 32. f7+ Kxh7 {Black resigns} 1-0

[Event "FICS rated blitz game"]
[Site "FICS freechess.org"]
[FICSGamesDBGameNo "20002810"]
[White "debillas"]
[Black "DWisdom"]
[WhiteElo "1662"]
[BlackElo "1610"]
[WhiteRD "na"]
[BlackRD "na"]
[TimeControl "180+0"]
[Date "1999.10.19"]
[Time "15:45:00"]
[WhiteClock "0:03:00.000"]
[BlackClock "0:03:00.000"]
[ECO "C28"]
[PlyCount "108"]
[Result "0-1"]

1. e4 e5 2. Bc4 Nc6 3. Nc3 Nf6 4. d3 Bb4 5. Bd2 O-O 6. Nf3 d6 7. h3 Ne7 8. O-O c6 9. a3 Bxc3 10. Bxc3 b5 11. Bb3 Be6 12. Qd2 Bxb3 13. cxb3 Qc7 14. b4 Rac8 15. Rac1 a6 16. Nh2 Ng6 17. Ng4 Nxg4 18. hxg4 Qd7 19. f3 d5 20. Qg5 d4 21. Bd2 f6 22. Qf5 Qe7 23. Rc5 Rc7 24. Rfc1 Rfc8 25. g5 Nh4 26. Qg4 Ng6 27. gxf6 Qxf6 28. Qf5 Qxf5 29. exf5 Ne7 30. Rxe5 Nd5 31. Bg5 h6 32. Bh4 Rf8 33. Rxd5 Rcf7 34. Rdc5 Rxf5 35. Rxf5 Rxf5 36. Rxc6 Re5 37. Rxa6 Rh5 38. Bf2 Kh7 39. Rb6 Re5 40. a4 Re2 41. a5 Rxb2 42. a6 Rxb4 43. a7 Ra4 44. Rb7 b4 45. Bxd4 b3 46. Bb2 Ra2 47. Bd4 Ra1+ 48. Kh2 Ra2 49. Rb8 Rxa7 50. Bxa7 b2 51. Rxb2 Kg6 52. Be3 h5 53. Rb6+ Kf5 54. Kh3 g6 {White forfeits on time} 0-1

[Event "FICS rated blitz game"]
[Site "FICS freechess.org"]
[FICSGamesDBGameNo "20002809"]
[White "ludlum"]
[Black "Restless"]
[WhiteElo "1868"]
[BlackElo "1958"]
[WhiteRD "na"]
[BlackRD "na"]
[TimeControl "180+0"]
[Date "1999.10.19"]
[Time "14:53:00"]
[WhiteClock "0:03:00.000"]
[BlackClock "0:03:00.000"]
[ECO "C57"]
[PlyCount "88"]
[Result "1-0"]

1. e4 e5 2. Nf3 Nc6 3. Bc4 Nf6 4. Ng5 Bc5 5. Bxf7+ Ke7 6. Bb3 Rf8 7. d3 d6 8. Nc3 h6 9. Nf3 Qe8 10. Be3 Bb6 11. Qd2 Bg4 12. Nd5+ Nxd5 13. exd5 Bxf3 14. gxf3 Nd4 15. Bxd4 Bxd4 16. c3 Bb6 17. O-O-O Qh5 18. Rhg1 Rf7 19. d4 Raf8 20. dxe5 dxe5 21. d6+ Kd8 22. Bxf7 Qxf7 23. dxc7+ Kxc7 24. Qd6+ Kc8 25. Qxe5 Bxf2 26. Rxg7 Qc4 27. Qd5 Qf4+ 28. Kb1 Qf5+ 29. Qxf5+ Rxf5 30. Rh7 Be3 31. Re1 Rxf3 32. Kc2 a6 33. Re7 Bf4 34. Re8+ Kc7 35. R1e7+ Kb6 36. Rf7 Rf2+ 37. Kb3 Bg3 38. Re6+ Ka7 39. Rxf2 Bxf2 40. Rxh6 Be1 41. h4 Bf2 42. h5 Be3 43. Rg6 Bc1 44. h6 Bd2 {Black forfeits on time} 1-0

[Event "FICS rated blitz game"]
[Site "FICS freechess.org"]
[FICSGamesDBGameNo "20002808"]
[White "BoraTunc"]
[Black "darkshadow"]
[WhiteElo "2035"]
[BlackElo "1887"]
[WhiteRD "na"]
[BlackRD "na"]
[TimeControl "180+0"]
[Date "1999.10.19"]
[Time "14:37:00"]
[WhiteClock "0:03:00.000"]
[BlackClock "0:03:00.000"]
[ECO "B02"]
[PlyCount "67"]
[Result "1-0"]

1. e4 Nf6 2. Nc3 d5 3. exd5 Nxd5 4. Nf3 Bg4 5. Bc4 Nxc3 6. bxc3 e6 7. h3 Bh5 8. d4 Nd7 9. Rb1 Rb8 10. O-O Nb6 11. Bd3 Be7 12. Bf4 Nd5 13. Bd2 O-O 14. c4 Nf6 15. c3 c5 16. Be3 Qd7 17. Qe2 Rfc8 18. Rfd1 Qc7 19. Bg5 h6 20. Bh4 Qa5 21. Rb5 Bxf3 22. Qxf3 Qxa2 23. Rb4 cxb4 24. Bxf6 Bxf6 25. Qe4 bxc3 26. Qh7+ Kf8 27. d5 g6 28. dxe6 fxe6 29. Bxg6 Bg7 30. Be4 c2 31. Bxc2 Qxc4 32. Rd7 Rc7 33. Qxg7+ Ke8 34. Qf7# {Black checkmated} 1-0

[Event "FICS rated blitz game"]
[Site "FICS freechess.org"]
[FICSGamesDBGameNo "20002807"]
[White "optimista"]
[Black "bluewing"]
[WhiteElo "1375"]
[BlackElo "1237"]
[WhiteRD "na"]
[BlackRD "na"]
[TimeControl "120+12"]
[Date "1999.10.19"]
[Time "13:57:00"]
[WhiteClock "0:02:00.000"]
[BlackClock "0:02:00.000"]
[ECO "C68"]
[PlyCount "141"]
[Result "1-0"]

1. e4 e5 2. Nf3 Nc6 3. Bb5 a6 4. Bxc6 dxc6 5. Nxe5 Qe7 6. Ng4 Qxe4+ 7. Ne3 Nf6 8. Nc3 Qg6 9. O-O Bd6 10. Qf3 O-O 11. d3 Re8 12. h3 Re7 13. Bd2 Be6 14. Ne4 Nxe4 15. dxe4 Bc5 16. Ng4 Bxg4 17. hxg4 Rae8 18. Rae1 Rxe4 19. Rxe4 Rxe4 20. Re1 Rxg4 21. Re8+ Bf8 22. g3 Rd4 23. Qa3 Qd6 24. Bf4 Qxa3 25. bxa3 Ra4 26. Bxc7 Rd4 27. Bb6 Rd5 28. c4 Rd3 29. Bc5 h6 30. Rxf8+ Kh7 31. Rxf7 b5 32. cxb5 axb5 33. Bb4 Rd1+ 34. Kg2 Ra1 35. Bc3 Rxa2 36. Rxg7+ Kh8 37. Rc7+ Kg8 38. Rxc6 Rxa3 39. Rg6+ Kh7 40. Rg7+ Kh8 41. Ra7+ Kg8 42. Rxa3 Kf7 43. f4 Ke6 44. Kf3 Kd5 45. Ke3 Kc5 46. Bg7 b4 47. Ra5+ Kc4 48. Re5 b3 49. Re4+ Kb5 50. Kd3 h5 51. Kc3 b2 52. Kxb2 Kc6 53. Re5 Kd6 54. Kc3 Kd7 55. Kd4 Kd6 56. Rxh5 Ke7 57. Rh6 Kf7 58. Ra6 Kg8 59. Ke5 Kf7 60. Kf5 Kg8 61. Bh8 Kh7 62. Kg5 Kg8 63. Kg6 Kf8 64. Ra7 Ke8 65. Kf6 Kd8 66. Ke6 Kc8 67. Kd6 Kb8 68. Rh7 Kc8 69. Ba1 Kb8 70. Kc6 Ka8 71. Kb6 {Black resigns} 1-0

[Event "FICS rated blitz game"]
[Site "FICS freechess.org"]
[FICSGamesDBGameNo "20002806"]
[White "geneticisan"]
[Black "Credit"]
[WhiteElo "1957"]
[BlackElo "1906"]
[WhiteRD "na"]
[BlackRD "na"]
[TimeControl "300+0"]
[Date "1999.10.19"]
[Time "13:19:00"]
[WhiteClock "0:05:00.000"]
[BlackClock "0:05:00.000"]
[ECO "D07"]
[PlyCount "56"]
[Result "0-1"]

1. d4 d5 2. c4 Nc6 3. Nc3 dxc4 4. e3 e5 5. Bxc4 exd4 6. exd4 Qxd4 7. Qe2+ Qe5 8. Be3 Bb4 9. Rc1 Be6 10. Nf3 Bxc4 11. Qxc4 Qe7 12. O-O Nf6 13. Rfe1 O-O 14. Bxa7 Rxa7 15. Rxe7 Bxe7 16. a3 Ra5 17. Re1 Bd6 18. Nb5 Rd8 19. Ng5 Ne5 20. Rxe5 Bxe5 21. f4 Ng4 22. g3 Rd1+ 23. Qf1 Rxf1+ 24. Kxf1 Rxb5 25. fxe5 Nxh2+ 26. Kg2 Rxe5 27. Nxf7 Re2+ 28. Kh3 Kxf7 {White resigns} 0-1

[Event "FICS rated blitz game"]
[Site "FICS freechess.org"]
[FICSGamesDBGameNo "20002805"]
[White "tikal"]
[Black "InControl"]
[WhiteElo "1349"]
[BlackElo "1467"]
[WhiteRD "na"]
[BlackRD "na"]
[TimeControl "300+0"]
[Date "1999.10.19"]
[Time "12:44:00"]
[WhiteClock "0:05:00.000"]
[BlackClock "0:05:00.000"]
[ECO "C22"]
[PlyCount "59"]
[Result "1-0"]

1. e4 e5 2. d4 exd4 3. Qxd4 Nc6 4. Qd1 d6 5. Nc3 Nf6 6. h3 Be7 7. Bg5 h6 8. Bh4 g5 9. Bg3 Ne5 10. Nf3 Nxf3+ 11. Qxf3 b6 12. e5 Bb7 13. Qxb7 Rb8 14. Qc6+ Nd7 15. O-O-O O-O 16. exd6 Bxd6 17. Bxd6 cxd6 18. Rxd6 g4 19. Qxd7 Qg5+ 20. Kb1 Rbd8 21. Qc6 Rc8 22. Qd5 Qe7 23. Bd3 Rc5 24. Qd4 Re8 25. a3 gxh3 26. Rxh3 Qe1+ 27. Ka2 Re6 28. Rd8+ Re8 29. Rxh6 Rxd8 30. Rh8# {Black checkmated} 1-0

[Event "FICS rated standard game"]
[Site "FICS freechess.org"]
[FICSGamesDBGameNo "20002804"]
[White "happygolucky"]
[Black "yendis"]
[WhiteElo "1128"]
[BlackElo "1439"]
[WhiteRD "na"]
[BlackRD "na"]
[TimeControl "600+12"]
[Date "1999.10.19"]
[Time "12:22:00"]
[WhiteClock "0:10:00.000"]
[BlackClock "0:10:00.000"]
[ECO "C42"]
[PlyCount "166"]
[Result "0-1"]

1. e4 e5 2. Nc3 Nf6 3. Nf3 Ng4 4. Bc4 Bc5 5. O-O O-O 6. h3 Nf6 7. d3 Nc6 8. Bg5 h6 9. Bxf6 Qxf6 10. Nd5 Qg6 11. Nxc7 Rb8 12. Qd2 d6 13. b4 Bxb4 14. Qd1 Bxh3 15. Nh4 Qg5 16. g3 Bxf1 17. Qxf1 Qg4 18. a3 Bc5 19. Nf5 Nd4 20. c3 Ne2+ 21. Kg2 Nf4+ 22. Kg1 Nh3+ 23. Kg2 Nxf2 24. d4 Nxe4 25. Qe1 Bb6 26. Nd5 g6 27. Nxh6+ Kg7 28. Nxg4 Ng5 29. Qe3 f6 30. Rf1 Rbe8 31. a4 exd4 32. cxd4 Rxe3 33. Ngxe3 Bxd4 34. Ng4 Ne4 35. Rf4 f5 36. Bd3 Nc5 37. Bb5 a6 38. Bd7 Nd3 39. Rxd4 Ne1+ 40. Kf2 Nc2 41. Rc4 Na3 42. Rc7 fxg4+ 43. Bf5+ Kh6 44. Ne3 gxf5 45. Rc3 Nb1 46. Rb3 Nd2 47. Rxb7 Ne4+ 48. Ke2 Nc5 49. Rb6 Rf6 50. Nd5 Re6+ 51. Kf2 a5 52. Rb8 Kg7 53. Ne3 Nxa4 54. Nxf5+ Kf6 55. Nd4 Re7 56. Nc6 Re6 57. Nxa5 Nc5 58. Rc8 Nd3+ 59. Kg2 Re2+ 60. Kf1 Rf2+ 61. Kg1 Rf3 62. Rf8+ Kg5 63. Rxf3 gxf3 64. Kf1 Kg4 65. Nc4 d5 66. Nd2 Kxg3 67. Nxf3 Kxf3 68. Kg1 d4 69. Kf1 Nf4 70. Ke1 d3 71. Kd2 Kf2 72. Kd1 Ke3 73. Ke1 d2+ 74. Kd1 Ng2 75. Kc2 Ke2 76. Kc3 d1=Q 77. Kc4 Ne3+ 78. Kc5 Qd5+ 79. Kb4 Qc4+ 80. Ka5 Qb3 81. Ka6 Nd5 82. Ka5 Qb4+ 83. Ka6 Qb6# {White checkmated} 0-1

[Event "FICS rated lightning game"]
[Site "FICS freechess.org"]
[FICSGamesDBGameNo "20002802"]
[White "passpawn"]
[Black "Modler"]
[WhiteElo "1976"]
[BlackElo "1846"]
[WhiteRD "na"]
[BlackRD "na"]
[TimeControl "60+0"]
[Date "1999.10.19"]
[Time "12:05:00"]
[WhiteClock "0:01:00.000"]
[BlackClock "0:01:00.000"]
[ECO "B13"]
[PlyCount "71"]
[Result "1-0"]

1. e4 c6 2. d4 d5 3. exd5 cxd5 4. Nc3 Nc6 5. Bf4 Nf6 6. Nb5 Qa5+ 7. c3 e5 8. dxe5 Ng4 9. Qxd5 Be6 10. Nd6+ Bxd6 11. Qxa5 Nxa5 12. exd6 O-O 13. h3 Nf6 14. O-O-O Rfd8 15. Bd3 Nd5 16. Bh2 a6 17. Ne2 b5 18. f3 Nc4 19. Bxc4 bxc4 20. Nd4 Bd7 21. Rhe1 Rab8 22. Nc2 Nb6 23. Nb4 a5 24. Nd5 Nxd5 25. Rxd5 a4 26. Re7 a3 27. bxa3 g6 28. Rc5 Bf5 29. Kd2 Rb2+ 30. Ke3 Rxg2 31. Be5 Rg1 32. d7 Re1+ 33. Kf4 Rxe5 34. Kxe5 Kg7 35. Rc8 Rxd7 36. Rxd7 {Black forfeits on time} 1-0

[Event "FICS rated blitz game"]
[Site "FICS freechess.org"]
[FICSGamesDBGameNo "20002799"]
[White "Gpoint"]
[Black "janh"]
[WhiteElo "1823"]
[BlackElo "1873"]
[WhiteRD "na"]
[BlackRD "na"]
[TimeControl "180+0"]
[Date "1999.10.19"]
[Time "10:04:00"]
[WhiteClock "0:03:00.000"]
[BlackClock "0:03:00.000"]
[ECO "B05"]
[PlyCount "42"]
[Result "1-0"]

1. e4 Nf6 2. e5 Nd5 3. d4 d6 4. Nf3 Bg4 5. Be2 Nc6 6. O-O e6 7. c4 Nb6 8. Be3 Bxf3 9. Bxf3 dxe5 10. Bxc6+ bxc6 11. Qf3 Qd7 12. dxe5 O-O-O 13. Nc3 Nxc4 14. Rfd1 Nxe5 15. Qe2 Nd3 16. Rd2 e5 17. Rad1 e4 18. Nxe4 Qe6 19. Rxd3 Rxd3 20. Qxd3 Bd6 21. Qa6+ Kd7 {Black resigns} 1-0

[Event "FICS rated standard game"]
[Site "FICS freechess.org"]
[FICSGamesDBGameNo "20002798"]
[White "LAWYERB"]
[Black "poup"]
[WhiteElo "1485"]
[BlackElo "1481"]
[WhiteRD "na"]
[BlackRD "na"]
[TimeControl "600+10"]
[Date "1999.10.19"]
[Time "09:22:00"]
[WhiteClock "0:10:00.000"]
[BlackClock "0:10:00.000"]
[ECO "C23"]
[PlyCount "63"]
[Result "1-0"]

1. e4 e5 2. Bc4 Nc6 3. d4 Nxd4 4. Bxf7+ Kxf7 5. Qh5+ g6 6. Qxe5 Nxc2+ 7. Kf1 Qf6 8. Qd5+ Qe6 9. Qd3 Qa6 10. Qxa6 bxa6 11. Nf3 d6 12. a4 Nxa1 13. Ng5+ Kg7 14. Na3 h6 15. b4 hxg5 16. Bb2+ Nf6 17. e5 dxe5 18. Bxa1 Bxb4 19. Nc4 Bd7 20. Nxe5 Bxa4 21. g3 Bb5+ 22. Kg2 Bd6 23. Ng4 Bc6+ 24. f3 Rhf8 25. h4 Kf7 26. Bxf6 Rab8 27. Bxg5 Rb2+ 28. Kh3 Bxf3 29. Rf1 Ke6 30. Re1+ Re2 31. Rxe2+ Bxe2 32. Ne3 {Black forfeits on time} 1-0

[Event "FICS rated blitz game"]
[Site "FICS freechess.org"]
[FICSGamesDBGameNo "20002797"]
[White "Dipsy"]
[Black "Tranrovers"]
[WhiteElo "1513"]
[BlackElo "1643"]
[WhiteRD "na"]
[BlackRD "na"]
[TimeControl "180+0"]
[Date "1999.10.19"]
[Time "09:20:00"]
[WhiteClock "0:03:00.000"]
[BlackClock "0:03:00.000"]
[ECO "B00"]
[PlyCount "64"]
[Result "0-1"]

1. e4 a6 2. d4 b5 3. a4 b4 4. c3 bxc3 5. Nxc3 Bb7 6. Qb3 Qc8 7. Bc4 e6 8. d5 Nf6 9. e5 Ng4 10. dxe6 dxe6 11. Bf4 Bxg2 12. O-O-O Bxh1 13. Nge2 Nxf2 14. Rf1 Be4 15. Rxf2 Bf5 16. Ng3 g6 17. h4 Bg7 18. h5 Nd7 19. hxg6 hxg6 20. Nxf5 gxf5 21. Rf1 Bxe5 22. Bxe5 Nxe5 23. Be2 Rb8 24. Qa3 Rh4 25. Rg1 Ng6 26. Qc5 Qd7 27. Bxa6 Rhb4 28. Bb5 R4xb5 29. axb5 Qe7 30. Qc6+ Kf8 31. Rh1 Kg7 32. Qf3 Qg5+ {White forfeits on time} 0-1

[Event "FICS rated blitz game"]
[Site "FICS freechess.org"]
[FICSGamesDBGameNo "20002796"]
[White "alto"]
[Black "GeneralManager"]
[WhiteElo "1532"]
[BlackElo "1612"]
[WhiteRD "na"]
[BlackRD "na"]
[TimeControl "180+0"]
[Date "1999.10.19"]
[Time "08:28:00"]
[WhiteClock "0:03:00.000"]
[BlackClock "0:03:00.000"]
[ECO "A40"]
[PlyCount "58"]
[Result "0-1"]

1. d4 e6 2. Nf3 d5 3. c3 Nf6 4. Bg5 Be7 5. Nbd2 O-O 6. e3 h6 7. Bh4 Nbd7 8. Bd3 b6 9. O-O a5 10. Rc1 Ba6 11. Bxa6 Rxa6 12. c4 a4 13. Re1 a3 14. b3 c5 15. cxd5 Nxd5 16. Bg3 Nb4 17. Ra1 Nd3 18. Qe2 Nxe1 19. Qxa6 Nxf3+ 20. Nxf3 cxd4 21. Nxd4 Qa8 22. Qxa8 Rxa8 23. Rc1 Nc5 24. Nc6 Bf6 25. Rd1 Rc8 26. Nd4 Ne4 27. Bf4 Nc3 28. Rd2 Nb5 29. Nxb5 Rc1+ {White resigns} 0-1

[Event "FICS rated lightning game"]
[Site "FICS freechess.org"]
[FICSGamesDBGameNo "20002795"]
[White "saeph"]
[Black "Cheah"]
[WhiteElo "1580"]
[BlackElo "1758"]
[WhiteRD "na"]
[BlackRD "na"]
[TimeControl "60+0"]
[Date "1999.10.19"]
[Time "07:42:00"]
[WhiteClock "0:01:00.000"]
[BlackClock "0:01:00.000"]
[ECO "B50"]
[PlyCount "66"]
[Result "0-1"]

1. e4 c5 2. Nf3 d6 3. d3 g6 4. Nc3 Nc6 5. Bd2 Bg4 6. Be2 Bg7 7. O-O e6 8. h3 Bxf3 9. Bxf3 Nge7 10. Rb1 Nd4 11. Be3 Nec6 12. Bxd4 Nxd4 13. Ne2 Qc7 14. Nxd4 cxd4 15. c3 dxc3 16. bxc3 Qxc3 17. Rc1 Qa5 18. Rc2 O-O 19. Qc1 Qb6 20. Qb1 e5 21. Qxb6 axb6 22. Rfc1 f5 23. exf5 gxf5 24. Be2 d5 25. Kh2 e4 26. Kg1 d4 27. dxe4 fxe4 28. Bc4+ Kh8 29. Bd5 d3 30. Rd2 Rfe8 31. f4 Bd4+ 32. Kf1 Ra3 33. Bxe4 Rxe4 {White forfeits on time} 0-1

[Event "FICS rated blitz game"]
[Site "FICS freechess.org"]
[FICSGamesDBGameNo "20002794"]
[White "marand"]
[Black "hnodrog"]
[WhiteElo "1422"]
[BlackElo "897"]
[WhiteRD "na"]
[BlackRD "na"]
[TimeControl "240+5"]
[Date "1999.10.19"]
[Time "07:41:00"]
[WhiteClock "0:04:00.000"]
[BlackClock "0:04:00.000"]
[ECO "C78"]
[PlyCount "53"]
[Result "1-0"]

1. e4 e5 2. Nf3 Nc6 3. Bb5 a6 4. Ba4 b5 5. Bb3 Nf6 6. O-O Bb7 7. Re1 Nd4 8. Nxe5 Nxb3 9. axb3 Nxe4 10. d3 Nf6 11. Nc6+ Qe7 12. Nxe7 Bxe7 13. Qe2 Nd5 14. c4 bxc4 15. dxc4 Kd8 16. cxd5 Bxd5 17. Qxe7+ Kc8 18. Bf4 g5 19. Bg3 Rg8 20. Nc3 Bxb3 21. Rac1 f5 22. f4 gxf4 23. Bxf4 Ba4 24. Nd5 Bc6 25. g3 Bxd5 26. Rxc7+ Kb8 27. Qxd7 {Black forfeits on time} 1-0

[Event "FICS rated lightning game"]
[Site "FICS freechess.org"]
[FICSGamesDBGameNo "20002793"]
[White "pep"]
[Black "Terniaku(FM)"]
[WhiteElo "1989"]
[BlackElo "2099"]
[WhiteRD "na"]
[BlackRD "na"]
[TimeControl "60+0"]
[Date "1999.10.19"]
[Time "06:53:00"]
[WhiteClock "0:01:00.000"]
[BlackClock "0:01:00.000"]
[ECO "C25"]
[PlyCount "66"]
[Result "0-1"]

1. e4 d6 2. Nc3 e5 3. Bc4 Nf6 4. d3 Be7 5. Bg5 O-O 6. Nf3 Be6 7. Qd2 Bxc4 8. dxc4 Nbd7 9. O-O-O a6 10. Bxf6 Nxf6 11. g4 Ne8 12. h4 c6 13. g5 Nc7 14. h5 Ne6 15. g6 fxg6 16. hxg6 hxg6 17. Rh3 Rxf3 18. Rxf3 Bg5 19. Re3 Nd4 20. Rg1 Qf6 21. Nd1 Rf8 22. Qb4 Nf3 23. Kb1 Bxe3 24. Rh1 Bh6 25. Qxb7 Nd2+ 26. Ka1 Qf3 27. Rg1 Qe2 28. Qxc6 Rxf2 29. Qd5+ Kh7 30. Qe6 Rg2 31. Rh1 Rh2 32. Rg1 Rg2 33. Rh1 Nf3 {White forfeits on time} 0-1

[Event "FICS rated blitz game"]
[Site "FICS freechess.org"]
[FICSGamesDBGameNo "20002792"]
[White "steveod"]
[Black "franzone"]
[WhiteElo "1363"]
[BlackElo "1285"]
[WhiteRD "na"]
[BlackRD "na"]
[TimeControl "300+0"]
[Date "1999.10.19"]
[Time "06:43:00"]
[WhiteClock "0:05:00.000"]
[BlackClock "0:05:00.000"]
[ECO "A00"]
[PlyCount "22"]
[Result "0-1"]

1. b4 d5 2. Bb2 Nf6 3. e3 e5 4. Bxe5 Nc6 5. Bxf6 Qxf6 6. c3 Bxb4 7. a3 Bd6 8. Nf3 Bf5 9. Bb5 O-O 10. Bxc6 bxc6 11. Nd4 Bd7 {White resigns} 0-1